 Dungeon Crawl Stone Soup version 0.30.0-18-gc0e69614cb (webtiles) character file.

Game seed: 227542517905671764

110 JanusIIV the Shooter (level 4, -3/28 HPs)
             Began as a Deep Elf Hunter on May 25, 2023.
             Killed from afar by Sigmund (5 damage)
             ... with a puff of flame
             ... on level 3 of the Dungeon.
             The game lasted 00:03:30 (1662 turns).

JanusIIV the Shooter (Deep Elf Hunter)              Turns: 1662, Time: 00:03:31

Health: -3/28      AC:  3    Str:  8    XL:     4   Next: 61%
Magic:  6/6        EV: 12    Int: 14    God:
Gold:   40         SH:  0    Dex: 20    Spells: 3/3 levels left

rFire   . . .        a - +0 shortbow
rCold   . . .        (shield currently unavailable)
rNeg    . . .        c - +0 leather armour
rPois   .            (no helmet)
rElec   .            (no cloak)
rCorr   .            (no gloves)
SInv    .            (no boots)
Will    .....        (no amulet)
Stlth   ++           (no ring)
HPRegen 0.24/turn    (no ring)
MPRegen 0.10/turn

%: no passive effects
@: no status effects
A: no striking features
a: no special abilities


You were on level 3 of the Dungeon.
You visited 1 branch of the dungeon, and saw 3 of its levels.

You collected 40 gold pieces.

Inventory:

Hand Weapons
 a - a +0 shortbow (weapon)
Armour
 c - a +0 leather armour (worn)
Jewellery
 m - a ring of fire
Wands
 l - a wand of paralysis (12)
Scrolls
 b - 2 scrolls of immolation
 g - 2 scrolls of magic mapping {unknown}
 i - a scroll of teleportation {unknown}
 j - a scroll of vulnerability {unknown}
 k - 2 scrolls of identify {unknown}
Potions
 d - a potion of brilliance {unknown}
 e - a potion of degeneration {unknown}
 f - 3 potions of lignification {unknown}
 h - a potion of cancellation {unknown}


   Skills:
 + Level 3.0 Fighting
 + Level 6.8 Ranged Weapons
 - Level 2.4 Dodging
 - Level 1.2 Stealth


You had 3 spell levels left.
You didn't know any spells.
Your spell library contained the following spells:

 Spells                   Type           Power      Damage    Failure   Level
 Hailstorm                Conj/Ice       0%         3d3       77%         3
 Ice Form                 Ice/Tmut       0%         N/A       99%         4
 Simulacrum               Ice/Necr       0%         N/A       100%        6


Dungeon Overview and Level Annotations

Branches:
Dungeon (3/15)

Altars:

Annotations:
D:2 1 runed translucent door, Crazy Yiuf
D:3 Sigmund


Message History

You hear a shout!
You are too injured to fight recklessly!
You hear a shout!
Sigmund casts a spell at you.
You are confused.
Okay, then.
You are too confused!
Unknown command.
You are too injured to fight recklessly!
Non-targeted confused fire: a) +0 shortbow
Press: ? - help, Q - select action, (/) - cycle Dir - look around, f - activate Look: Sigmund, wielding a +0 scythe, wearing a +0 robe and carrying a wand of flame (21)
You shoot an arrow.
Sigmund points at you and mumbles some strange words.
The puff of flame hits you.
Non-targeted confused fire: a) +0 shortbow
Press: ? - help, Q - select action, (/) - cycle Dir - look around, f - activate You shoot an arrow.
Non-targeted confused fire: a) +0 shortbow
Press: ? - help, Q - select action, (/) - cycle Dir - look around, f - activate Look: Sigmund, wielding a +0 scythe, wearing a +0 robe and carrying a wand of flame (21)
You shoot an arrow. The orc hits you but does no damage.
You bump into the rock wall.
The orc hits you with a +0 dagger.
You clumsily bash the orc but do no damage.
The orc is heavily wounded.
You feel less confused. The orc hits you with a +0 dagger.
* * * LOW HITPOINT WARNING * * *
The orc hits you with a +0 dagger.
* * * LOW HITPOINT WARNING * * *
An orc wizard comes into view. It is wielding a +0 dagger.
You shoot an arrow. The arrow hits the orc!
You kill the orc!
Sigmund looks at you with fury. Sigmund gestures at you while chanting.
The puff of flame hits you.
* * * LOW HITPOINT WARNING * * *
Sigmund zaps a wand.
The puff of flame hits you.
You die...

..............##.#.#†..)
.#####.#.....##.#.#....
#.#.#...##.#.#....
##.#####.#.#...##.#.#....
...........#......#.#....
##.#####.##....####.#....
#.........# #.#....
#..##.....# #)#....
#.@##.....###'#....
#..###.......).....
#..................
##@##............##
#.##............#
#.##............#
#o##.#..........#
#.##.#.....######
....o.........##..


You could see Sigmund and an orc wizard.

Vanquished Creatures
  Jessica (D:2)
  2 adders
  A worm (D:2)
  2 dart slugs (D:1)
  5 orcs
  4 bats
  7 endoplasms
  3 giant cockroaches (D:1)
  4 goblins
  6 hobgoblins
  A kobold (D:1)
  4 quokkas
  2 ball pythons
  A frilled lizard (D:2)
  6 rats
49 creatures vanquished.

Notes
Turn   | Place    | Note
-------+----------+-------------------------------------------
     0 | D:1      | JanusIIV the Deep Elf Hunter began the quest for the Orb.
     0 | D:1      | Reached XP level 1. HP: 12/12 MP: 3/3
   114 | D:1      | Reached XP level 2. HP: 17/17 MP: 4/4
   350 | D:1      | Reached skill level 6 in Ranged Weapons
   583 | D:1      | Reached XP level 3. HP: 22/22 MP: 5/5
  1061 | D:2      | Noticed Jessica
  1068 | D:2      | Killed Jessica
  1069 | D:2      | Reached XP level 4. HP: 20/27 MP: 6/6
  1350 | D:2      | Found a runed translucent door.
  1351 | D:2      | Noticed Crazy Yiuf
  1648 | D:3      | Noticed Sigmund
  1657 | D:3      | HP: 1/28 [Sigmund/puff of flame (6)]
  1662 | D:3      | Killed from afar by Sigmund

Illustrated notes

Levels and vault maps discovered:
D:1:      lightli_arrival_isolated_outpost, layout_basic,
          minmay_misc_feat_more_columns, columned_hall_lemuel,
          kennysheep_pointless_box
D:2:      layout_basic, uniq_crazy_yiuf_cottage, uniq_jessica
D:3:      layout_basic, general_overflow_altar, uniq_grinder, uniq_sigmund

Skill      XL: |  1  2  3  4 |
---------------+-------------+-----
Fighting       | 2 3 |  3.0
Ranged Weapons | 6 |  6.8
Dodging        | |  2.4
Stealth        | |  1.2

Action                     |  1- 3 |  4- 6 || total
---------------------------+-------+-------++-------
  Melee: Shortbow          |       |     1 ||     1
   Fire: Shortbow          |    96 |    39 ||   135
 Armour: Leather armour    |     5 |    13 ||    18
  Dodge: Dodged            |    30 |    13 ||    43
